 Dungeon Crawl Stone Soup version 0.29-a0-214-g17f627cfee (webtiles) character file.

Game seed: 10482788992054534577

33 spaghetti the Skirmisher (level 3, -6/30 HPs)
             Began as a Demonspawn Fighter on Feb 25, 2022.
             Mangled by a gnoll
             ... wielding a +0 halberd
              (12 damage)
             ... on level 4 of the Dungeon.
             The game lasted 00:01:40 (433 turns).

spaghetti the Skirmisher (Demonspawn Fighter)        Turns: 433, Time: 00:01:41

Health: -6/30      AC:  6    Str: 18    XL:     3   Next: 12%
Magic:  3/3        EV:  9    Int:  9    God:
Gold:   14         SH:  8    Dex: 12    Spells: 2/2 levels left

rFire   . . .      SeeInvis .   a - +0 trident {polearm}
rCold   . . .      Faith    .   c - +0 buckler
rNeg    . . .      Spirit   .   b - +0 scale mail
rPois   .          Reflect  .   (no helmet)
rElec   .          Harm     .   (no cloak)
rCorr   .          Rampage  .   (no gloves)
Will    .....                   (no boots)
Stlth   ..........              (no amulet)
HPRegen 0.10/turn               (no ring)
MPRegen 0.08/turn               (no ring)

@: mighty, lit by a corona, glowing
A: condensation shield
a: no special abilities


You were on level 4 of the Dungeon.
You visited 1 branch of the dungeon, and saw 3 of its levels.

You collected 14 gold pieces.


Innate Abilities, Weirdness & Mutations

A meltable shield of frost defends you. (SH +4)


   Skills:
 + Level 4.3 Fighting
 - Level 1.7 Polearms
 - Level 2.6 Armour
 - Level 2.6 Shields


You had 2 spell levels left.
You didn't know any spells.
Your spell library contained the following spells:

 Spells                   Type           Power      Damage    Failure   Level
 Beastly Appendage        Tmut           0%         N/A       86%         1
 Wereblood                Tmut           0%         N/A       95%         2
 Spider Form              Tmut/Pois      0%         N/A       99%         3

Inventory:

Hand Weapons
 a - a +0 trident (weapon) {polearm}
Armour
 b - a +0 scale mail (worn)
 c - a +0 buckler (worn)

Dungeon Overview and Level Annotations

Branches:
Dungeon (2/15)

Altars:

## ######
#..#....#
#..#@##.#
#..gwg..#
#.g.J..##
#......#
###...g..#
....$....#
.......
####....#
......^
#.....#
)......
#.....#
.......


You could see a gnoll shaman, a worm, 3 gnolls and an endoplasm.


Message History

You barely miss the gnoll. The gnoll misses you.
You hit the gnoll. The gnoll hits you but does no damage.
You catch the helpless gnoll completely off-guard!
You hit the gnoll.
You kill the gnoll!
You have reached level 3!
Your experience leads to an increase in your attributes!
Increase (S)trength, (I)ntelligence, or (D)exterity?
You feel stronger. x2 😕 HP[+5] MP[+1]
You now have 30 max hp (+5).
You regained 5 hp, and now have 29/30 hp.
Your mp is fully restored (3).
You barely miss the gnoll.
You flicker back into view.
The gnoll hits you from afar with a +0 halberd.
The gnoll hits you with a +0 club. 😮 HP[-7]
You take 7 damage, and now have 22/30 hp.
MASSIVE DAMAGE!! (PAUSE) 😕 HP[+1]
The gnoll barely misses you.
The gnoll shaman prays to its god.
The gnoll shaman is healed somewhat. 😕 HP[+1] 😕 HP[+1]
You barely miss the gnoll. The gnoll hits you but does no damage.
You barely miss the gnoll. The gnoll closely misses you.
You barely miss the gnoll.
The gnoll hits you with a +0 club! 😮 HP[-7]
You take 7 damage, and now have 18/30 hp.
MASSIVE DAMAGE!! (PAUSE)
You closely miss the gnoll. You block the gnoll's attack.
The gnoll barely misses you.
You closely miss the gnoll. You block the gnoll's attack.
The endoplasm jiggles. 😮 HP[+1]
You barely miss the gnoll. The gnoll hits you with a +0 club.
* * * LOW HITPOINT WARNING * * *
😨 HP[-4]
You take 4 damage, and now have 15/30 hp.
A dart slug comes into view.
The dart slug moves out of view.
The gnoll shaman calls upon its god to speed up something. 😮 HP[+1] 😮 HP[+1]
The orc hits you but does no damage.
You closely miss the orc. The orc closely misses you.
You block the gnoll's attack. The orc closely misses you.
You feel very mighty all of a sudden. You block the gnoll's attack.
The orc hits you but does no damage.
You puncture the orc!
You kill the orc!
The gnoll hits you with a +0 club.
The gnoll hits you but does no damage. 😮 HP[-1]
You take 1 damage, and now have 16/30 hp.
Things that are here:
a +0 short sword of holy wrath {short}; an orc corpse You block the gnoll's attack.
The gnoll hits you from afar with a +0 halberd.
* * * LOW HITPOINT WARNING * * *
😨 HP[-4]
You take 4 damage, and now have 12/30 hp.
Unknown command.
Things that are here:
a +0 short sword of holy wrath {short}; an orc corpse 😨 HP[+1]
The gnoll shaman mumbles some strange prayers to its god against you.
You are outlined in light.
The gnoll shaman calls upon its god to speed up something. 😨 HP[+1]
You aren't carrying any scrolls.
Unknown command.
You feel better. 😕 HP[+11]
You regained 11 hp, and now have 25/30 hp.
You start resting.
There are monsters nearby! 😕 HP[+1]
The gnoll hits you from afar with a +0 halberd! 😮 HP[-7]
You take 7 damage, and now have 19/30 hp.
MASSIVE DAMAGE!! (PAUSE)
The gnoll closely misses you.
You hit the gnoll shaman. The gnoll hits you but does no damage.
The gnoll hits you from afar with a +0 halberd. 😮 HP[-1]
You take 1 damage, and now have 18/30 hp.
Unknown command.
You closely miss the gnoll shaman. You block the gnoll's attack.
The gnoll closely misses you. You block the gnoll's attack.
The gnoll shaman calls upon its god to speed up the gnoll.
The gnoll seems to speed up.
You hit the gnoll shaman. The gnoll hits you with a +0 club.
* * * LOW HITPOINT WARNING * * *
The gnoll hits you from afar with a +0 halberd!
* * * LOW HITPOINT WARNING * * *
The gnoll shaman closely misses you. You block the gnoll's attack.
The gnoll hits you from afar with a +0 halberd!
You die...

Skill      XL: |  1  2 |
---------------+-------+-----
Fighting       | 4 |  4.3
Polearms       | |  1.7
Armour         | |  2.6
Shields        | |  2.6

Action                   || total
-------------------------++-------
Melee: Trident           ||    58
  Use: Scroll            ||     1
       Potion            ||     3
 Stab: Invisible         ||     4
Armor: Scale mail        ||    28
Dodge: Dodged            ||    25
Block: Buckler           ||    21

Levels and vault maps discovered:
D:1:      dpeg_arrival_ratfight, layout_loops_ring,
          hellmonk_ecumenical_altar_defaced_shrine
D:2:      layout_rooms, hex_medium, kennysheep_path_1
D:4:      layout_basic, hangedman_abyss_or_decor_passed, uniq_eustachio

Notes
Turn   | Place    | Note
-------+----------+-------------------------------------------
     0 | D:1      | spaghetti the Demonspawn Fighter began the quest for the
                  | Orb.
     0 | D:1      | Reached XP level 1. HP: 18/18 MP: 1/1
     0 | D:1      | magus.rc [v1.9.6]
   223 | D:2      | You fall into a shaft and drop 2 floors!
   227 | D:4      | Gained mutation: A meltable shield of frost defends you.
                  | (SH +4) [demonic ancestry]
   227 | D:4      | Reached XP level 2. HP: 24/24 MP: 2/2
   231 | D:4      | You pick up a book of Changes and begin reading...
   231 | D:4      | You add the spells Beastly Appendage, Wereblood and Spider
                  | Form to your library.
   339 | D:4      | Reached skill level 4 in Fighting
   349 | D:4      | Reached XP level 3. HP: 29/30 MP: 3/3
   433 | D:4      | HP: 6/30 [gnoll/+0 halberd (7)]
   433 | D:4      | Mangled by a gnoll

Vanquished Creatures
  A gnoll (D:4)
  2 ufetubi (D:4)
  An orc (D:4)
  2 endoplasms
  2 goblins (D:1)
  A kobold (D:4)
  A ball python (D:1)
  4 rats
14 creatures vanquished.

Table legend:
 A = Non-vault XP
 B = Vault XP
 C = Vault XP percentage of total XP
 D = Non-vault monster count
 E = Vault monster count
 F = Vault count percentage of total count
                 A         B        C        D         E       F
            +---------+---------+-------+---------+---------+-------
      Total |      48 |       0 |   0.0 |      14 |       0 |   0.0
            +---------+---------+-------+---------+---------+-------
        D:1 |      10 |       0 |   0.0 |       7 |       0 |   0.0
        D:2 |       1 |       0 |   0.0 |       1 |       0 |   0.0
        D:4 |      37 |       0 |   0.0 |       6 |       0 |   0.0
            +---------+---------+-------+---------+---------+-------

Illustrated notes

Table legend:
 A = Kills in this place as a percentage of kills in entire the game.
 B = Kills by you in this place as a percentage of kills by you in the entire game.
 C = Kills by friends in this place as a percentage of kills by friends in the entire game.
 D = Other kills in this place as a percentage of other kills in the entire game.
 E = Experience gained in this place as a percentage of experience gained in the entire game.
 F = Experience gained in this place divided by the number of levels of this place that you have seen.
                   A       B       C       D       E      F
               +-------+-------+-------+-------+-------+----------------------
         Total | 100.0 | 100.0 |   N/A |   N/A | 100.0 |  16.0
       Dungeon | 100.0 | 100.0 |   N/A |   N/A | 100.0 |  16.0
               +-------+-------+-------+-------+-------+----------------------

Table legend: (Time is in decaauts)
 A = Elapsed time spent in this place.
 B = Non-inter-level travel time spent in this place.
 C = Inter-level travel time spent in this place.
 D = Time resting spent in this place.
 E = Time spent auto-exploring this place.
 F = Levels seen in this place.
 G = Mean time per level.
                   A        B        C        D        E       F      G
               +--------+--------+--------+--------+--------+-----+--------+
         Total |    447 |    445 |      2 |    182 |     85 |   3 |  149.0 |
       Dungeon |    447 |    445 |      2 |    182 |     85 |   3 |  149.0 |
               +--------+--------+--------+--------+--------+-----+--------+

Top non-repeatable levels by time:
     D:4: 217 daAuts
     D:1: 198 daAuts
     D:2: 31 daAuts
